 Dungeon Crawl Stone Soup version 0.23-a0-619-g281719c (webtiles) character file.

27 Borgoz the Skirmisher (level 3, 0/33 HPs)
             Began as a Ghoul Abyssal Knight on Dec 22, 2018.
             Was a Follower of Lugonu.
             Slain by a jackal (1 damage)
             ... on level 2 of the Dungeon.
             The game lasted 00:01:34 (665 turns).

Borgoz the Skirmisher (Ghoul Abyssal Knight)         Turns: 665, Time: 00:01:35

Health: 0/33       AC:  3    Str: 15    XL:     3   Next: 10%
Magic:  3/3        EV: 11    Int:  7    God:    Lugonu [*.....]
Gold:   80         SH:  0    Dex:  9    Spells: 2/2 levels left

rFire    . . .     SeeInvis .   a - +1 hand axe
rCold    + . .     Gourm    .   (no shield)
rNeg     + + +     Faith    .   b - +0 leather armour
rPois    ∞         Spirit   .   (no helmet)
rElec    .         Reflect  .   k - scarf {repulsion}
rCorr    .         Harm     .   (no gloves)
MR       .....                  (no boots)
Stlth    +.........             (no amulet)
HPRegen  0.00/turn              (no ring)
MPRegen  0.08/turn              (no ring)

@: rotting, repel missiles
A: rotting body, claws 1, carnivore, cold resistance 1, negative energy
resistance 3, inhibited regeneration, torment resistance, unbreathing
a: Depart the Abyss, Renounce Religion


You were on level 2 of the Dungeon.
You worshipped Lugonu.
Lugonu was aware of your devotion.
You were not hungry.

You visited 1 branch of the dungeon, and saw 2 of its levels.
You visited the Abyss 1 time.

You collected 80 gold pieces.

Inventory:

Hand Weapons
 a - a +1 hand axe (weapon)
Armour
 b - a +0 leather armour (worn)
 k - a scarf of repulsion (worn)
Scrolls
 e - a scroll of fog {unknown}
 h - 2 scrolls of teleportation {unknown}
 l - a scroll of identify {unknown}
Potions
 g - a potion of resistance {unknown}
 i - 4 potions of heal wounds {unknown}
 j - a potion of lignification {unknown}
 m - 2 potions of curing {unknown}
Comestibles
 c - 4 rations
 d - a chunk of flesh


   Skills:
 + Level 3.7 Fighting
 + Level 2.0 Axes
 + Level 2.1 Armour
 + Level 1.3 Dodging
 + Level 2.3 Invocations


You had 2 spell levels left.
You didn't know any spells.
Your spell library was empty.

Dungeon Overview and Level Annotations

Branches:
Dungeon (2/15)

Altars:


Innate Abilities, Weirdness & Mutations

Your body is rotting away.
You thrive on raw meat.
You are immune to poison.
You have sharp fingernails.
You are carnivorous and can eat meat at any time.
Your flesh is cold resistant. (rC+)
You are immune to negative energy. (rN+++)
You do not regenerate when monsters are visible.
You are immune to unholy pain and torment.
You can survive without breathing.


Message History

* * * LOW HITPOINT WARNING * * *
You barely miss the jackal.
The jackal is moderately wounded.
You completely miss the jackal. You hit the quokka.
You kill the quokka!
Lugonu accepts your kill. The jackal barely misses you. The jackal bites you.
* * * LOW HITPOINT WARNING * * *
The jackal barely misses you. The jackal closely misses you.
You closely miss the jackal.
The jackal is moderately wounded.
You hit the jackal.
You kill the jackal!
Lugonu accepts your kill. The jackal bites you.
* * * LOW HITPOINT WARNING * * *
You closely miss the jackal.
The jackal is moderately wounded.
The jackal bites you.
You die...

#.....# #.....#
####### #.....#
.......
#.....####
.......
#........###
.......
#.....##...###
...).>.
#.....####...#
....... #.....#
##...###†.....(
#######
#....##@h..#
#.......####
#.####### #.#
#.# ###### #.#
##....#
###.#####..##.#
#...##....##..#
#.###..####.(##


You could see a jackal.

Vanquished Creatures
  3 bats
  2 giant cockroaches
  7 hobgoblins
  A jackal (D:2)
  2 kobolds (D:1)
  2 quokkas (D:2)
  A frilled lizard (D:1)
  3 goblins (D:1)
  A rat (D:1)
22 creatures vanquished.

Notes
Turn   | Place    | Note
-------+----------+-------------------------------------------
     0 | Abyss:1  | Borgoz the Ghoul Abyssal Knight began the quest for the
                  | Orb.
     0 | Abyss:1  | Reached XP level 1. HP: 19/19 MP: 1/1
    41 | Abyss:1  | Noticed an iron imp
    42 | Abyss:1  | Noticed a small abomination
    44 | Abyss:1  | Noticed a thrashing horror
    47 | D:1      | Escaped the Abyss
   118 | D:1      | Reached * piety under Lugonu
   118 | D:1      | Reached skill level 1 in Dodging
   227 | D:1      | Reached XP level 2. HP: 17/26 MP: 2/2
   640 | D:2      | Reached XP level 3. HP: 17/33 MP: 3/3
   664 | D:2      | HP: 1/33 [jackal (2)]
   665 | D:2      | Slain by a jackal

Vault maps used:
D:1:      minmay_arrival_hallway, st_stairs_1, hangedman_decor_peaks_small,
          minmay_pentomino_o4
D:2:      minitemple, chequers_temple_overflow_statue_of_worship

Skill      XL: |  1  2 |
---------------+-------+-----
Dodging        | 1 |  1.3
Armour         | 2 |  2.1
Axes           | 2 |  2.0
Fighting       | |  3.7
Invocations    | |  2.3

Action                   || total
-------------------------++-------
Melee: Hand axe          ||    83
Invok: Depart the Abyss  ||     1
  Eat: Chunk             ||     4
Armor: Leather armour    ||    22
Dodge: Dodged            ||    66

Table legend:
 A = Non-vault XP
 B = Vault XP
 C = Vault XP percentage of total XP
 D = Non-vault monster count
 E = Vault monster count
 F = Vault count percentage of total count
                 A         B        C        D         E       F
            +---------+---------+-------+---------+---------+-------
      Total |      28 |      11 |  28.2 |      16 |       6 |  27.3
            +---------+---------+-------+---------+---------+-------
        D:1 |      14 |      11 |  44.0 |       9 |       6 |  40.0
        D:2 |      14 |       0 |   0.0 |       7 |       0 |   0.0
            +---------+---------+-------+---------+---------+-------
